 Dungeon Crawl Stone Soup version 0.29.0-4-gdea44cf6ec (webtiles) character file.

Game seed: 500738751019909107

4 qw the Caller (level 1, 0/14 HPs)
             Began as a Ghoul Summoner on Sept 9, 2022.
             Frozen to death by an endoplasm (2 damage)
             ... on level 1 of the Dungeon.
             The game lasted 00:00:05 (326 turns).

qw the Caller (Ghoul Summoner)                       Turns: 326, Time: 00:00:06

Health: 0/14       AC:  2    Str: 11    XL:     1   Next: 70%
Magic:  0/2        EV: 12    Int: 10    God:
Gold:   16         SH:  0    Dex:  9    Spells: 2/3 levels left

rFire   . . .      SeeInvis .   c - +0 dagger
rCold   + . .      Faith    .   (no shield)
rNeg    + + +      Spirit   .   a - +0 robe
rPois   inf        Reflect  .   (no helmet)
rElec   .          Harm     .   (no cloak)
rCorr   .          Rampage  .   (no gloves)
Will    .....                   (no boots)
Stlth   ++........              (no amulet)
HPRegen 0.00/turn               (no ring)
MPRegen 0.08/turn               (no ring)

@: inhibited regen
A: claws 1, cold resistance 1, negative energy resistance 3, inhibited
regeneration, torment resistance 2, devour on kill
a: no special abilities


You were on level 1 of the Dungeon.
You visited 1 branch of the dungeon, and saw 1 of its levels.

You collected 16 gold pieces.


Innate Abilities, Weirdness & Mutations

You are immune to poison.
You have sharp fingernails.
Your flesh is cold resistant. (rC+)
You are immune to negative energy. (rN+++)
You do not regenerate when monsters are visible.
You are immune to unholy pain and torment.
You thrive by killing the living.


   Skills:
 + Level 0.2 Fighting
 - Level 1.0 Axes
 - Level 1.7 Dodging
 - Level 2.1 Stealth
 - Level 1.7 Spellcasting
 - Level 3.6 Summonings


You had 2 spell levels left.
You knew the following spells:

 Your Spells              Type           Power      Damage    Failure   Level
a - Summon Small Mammal   Summ           32%        N/A       8%          1

Your spell library contained the following spells:

 Spells                   Type           Power      Damage    Failure   Level
 Call Imp                 Summ           8%         N/A       11%         2
 Call Canine Familiar     Summ           8%         N/A       22%         3
 Summon Guardian Golem    Hex/Summ       4%         N/A       43%         3
 Summon Lightning Spire   Summ/Air       4%         N/A       83%         4

Inventory:

Hand Weapons
 c - a +0 dagger (weapon)
Armour
 a - a +0 robe (worn)
Potions
 b - a potion of magic

Dungeon Overview and Level Annotations

Branches:
Dungeon (1/15)

Altars:


Message History

You start resting.
Your bat disappears in a puff of smoke!
Magic restored.
You see here a ball python corpse.
A quokka, a giant cockroach, a rat and an endoplasm come into view.
The endoplasm quivers.
Enter note:
319 ||| CASTING Summon Small Mammal
Casting: Summon Small Mammal (safe; 8% risk of failure)
Confirm with . or Enter, or press ? or * to list all spells.
320 ||| CASTING Summon Small Mammal
Casting: Summon Small Mammal (safe; 8% risk of failure)
Confirm with . or Enter, or press ? or * to list all spells.
Your rat closely misses the quokka.
You completely miss the endoplasm. Your bat hits the rat.
The endoplasm closely misses you.
Your rat bites the quokka.
You completely miss the quokka.
The quokka is lightly wounded.
The quokka bites you.
Your bat hits the rat.
The rat dies!
The endoplasm closely misses you. The quokka bites you.
Your rat bites the quokka but does no damage.
You hit the quokka. Your claw misses the quokka.
The quokka is moderately wounded.
The endoplasm freezes you.
You are frozen.
You resist. The quokka bites you.
Your rat bites the quokka.
Your bat hits the quokka but does no damage.
You completely miss the quokka.
The quokka is severely wounded.
Your bat hits the quokka but does no damage.
The endoplasm closely misses you.
The giant cockroach waves its antennae.
The quokka twitches its whiskers.
The quokka closely misses you.
Your rat barely misses the quokka.
You hit the quokka.
You kill the quokka!
You feel better. The endoplasm freezes you.
You are frozen.
You resist.
You die...

#.# .. ...
#.######+###.### ..
#.##.......#%#.. ..#
#.##.......#...# ..##
#.##.......#...#.....
#.##.......# b.#..##.#
#.##.......###..r....#
##.##..........@J......
##..##.......#####B...##
#....%........... .....
#.################ ..#.
##'......####.... .#
#........##.... ..
#...##%..##... .
#..####..##..# . #..#
##..##..## ..


You could see an endoplasm (ally target), a giant cockroach, a friendly bat
(summoned) and a friendly rat (summoned).

Vanquished Creatures
  A ball python (D:1)
  A quokka (D:1)
2 creatures vanquished.

Vanquished Creatures (collateral kills)
  A hobgoblin (D:1)
  A kobold (D:1)
  A rat (D:1)
3 creatures vanquished.

Grand Total: 5 creatures vanquished

Notes
Turn   | Place    | Note
-------+----------+-------------------------------------------
     0 | D:1      | qw the Ghoul Summoner began the quest for the Orb.
     0 | D:1      | Reached XP level 1. HP: 14/14 MP: 2/2
     0 | D:1      | 0 ||| qw: Version: 0.1-a-113-g051387a
     0 | D:1      | 0 ||| qw: Game counter: 6931
     0 | D:1      | 0 ||| qw: Always use a shield: true
     0 | D:1      | 0 ||| qw: God list: Okawaru
     0 | D:1      | 0 ||| qw: Allow faded altars: false
     0 | D:1      | 0 ||| qw: Do Orc after D:15 true
     0 | D:1      | 0 ||| qw: Do second Lair branch before Depths: true
     0 | D:1      | 0 ||| qw: Lair rune preference: random
     0 | D:1      | 0 ||| qw: Plans: Normal
     0 | D:1      | 0 ||| PLANNING D:1-11
     7 | D:1      | 7 ||| CASTING Summon Small Mammal
     8 | D:1      | 8 ||| CASTING Summon Small Mammal
   240 | D:1      | 240 ||| Wielding weapon +0 dagger.
   250 | D:1      | 250 ||| CASTING Summon Small Mammal
   251 | D:1      | 251 ||| CASTING Summon Small Mammal
   281 | D:1      | 281 ||| CASTING Summon Small Mammal
   282 | D:1      | 282 ||| CASTING Summon Small Mammal
   294 | D:1      | Reached skill level 1 in Axes
   319 | D:1      | 319 ||| CASTING Summon Small Mammal
   320 | D:1      | 320 ||| CASTING Summon Small Mammal
   324 | D:1      | HP: 1/14 [quokka (3)]
   326 | D:1      | Frozen to death by an endoplasm

Levels and vault maps discovered:
D:1:      minmay_arrival_four_loops, layout_basic

Skill      XL: |  1 |
---------------+----+-----
Axes           | 1 |  1.0
Fighting       | |  0.2
Dodging        | |  1.7
Stealth        | |  2.1
Spellcasting   | |  1.7
Summonings     | |  3.6

Action                   || total
-------------------------++-------
Melee: Dagger            ||    13
       Unarmed           ||     5
 Cast: Summon Small Mamm ||     6
Armor: Robe              ||     1
Dodge: Dodged            ||    11

Table legend:
 A = Non-vault XP
 B = Vault XP
 C = Vault XP percentage of total XP
 D = Non-vault monster count
 E = Vault monster count
 F = Vault count percentage of total count
                 A         B        C        D         E       F
            +---------+---------+-------+---------+---------+-------
      Total |       9 |       0 |   0.0 |       5 |       0 |   0.0
            +---------+---------+-------+---------+---------+-------
        D:1 |       9 |       0 |   0.0 |       5 |       0 |   0.0
            +---------+---------+-------+---------+---------+-------
